 Dungeon Crawl Stone Soup version 0.28.0-53-g5a82cb258f (webtiles) character file.

Game seed: 98286727528769589

722 cbfl8 the Skirmisher (level 7, -3/66 HPs)
             Began as a Minotaur Berserker on July 15, 2022.
             Was a Believer of Trog.
             Slain by a scorpion (4 damage)
             ... on level 4 of the Dungeon.
             The game lasted 00:04:27 (4190 turns).

cbfl8 the Skirmisher (Minotaur Berserker)           Turns: 4190, Time: 00:04:28

Health: -3/66      AC: 11    Str: 21    XL:     7   Next: 43%
Magic:  6/6        EV:  8    Int:  4    God:    Trog [**....]
Gold:   58         SH:  0    Dex: 12    Spells: 6/6 levels left

rFire   x . .      SeeInvis .   a - +0 hand axe
rCold   + . .      Faith    .   (no shield)
rNeg    . . .      Spirit   .   r - +0 chain mail
rPois   .          Reflect  .   (helmet restricted)
rElec   .          Harm     .   j - +0 cloak
rCorr   +          Rampage  .   (no gloves)
Will    .....                   m - +0 pair of boots
Stlth   ..........              (no amulet)
HPRegen 0.21/turn               k - ring of resist corrosion
MPRegen 0.10/turn               l - ring of ice

@: mighty, lethally poisoned (-3 -> -5), on berserk cooldown, attractive, flying
A: horns 2, retaliatory headbutt
a: Renounce Religion, Berserk, Trog's Hand


You were on level 4 of the Dungeon.
You worshipped Trog.
Trog was pleased with you.
You visited 1 branch of the dungeon, and saw 4 of its levels.

You collected 58 gold pieces.

Inventory:

Hand Weapons
 a - a +0 hand axe (weapon)
Armour
 b - a +0 animal skin
 i - a +0 leather armour
 j - a +0 cloak (worn)
 m - a +0 pair of boots (worn)
 r - a +0 chain mail (worn)
Jewellery
 k - a ring of resist corrosion (left hand)
 l - a ring of ice (right hand)
Scrolls
 e - a scroll of torment
 o - a scroll of enchant weapon
 p - a scroll of magic mapping
Potions
 d - a potion of mutation {unknown}


   Skills:
 * Level 7.0 Fighting
 + Level 6.5 Axes
 + Level 3.8 Armour
 + Level 3.2 Dodging
 * Level 2.5 Stealth


You had 6 spell levels left.
You didn't know any spells.
Your spell library was empty.

Dungeon Overview and Level Annotations

Branches:
Dungeon (4/15)
 Temple: D:4-7

Altars:

Annotations:
D:4 Eustachio


Innate Abilities, Weirdness & Mutations

You have a pair of horns on your head.
You reflexively headbutt those who attack you in melee.


Message History

Your Axes skill increases to level 6!
Your Dodging skill increases to level 3!
Your Stealth skill increases to level 2!
You have reached level 7!
Your skin stops crawling.
You feel less strong-willed.
Things that are here:
a +0 whip of freezing; a +0 robe; the kobold corpse of Pikel You closely miss the scorpion.
You headbutt the scorpion.
The scorpion is moderately wounded.
The scorpion stings you.
* * * LOW HITPOINT WARNING * * *
You hit the scorpion. Your punch misses the scorpion.
The scorpion is heavily wounded.
The scorpion stings you but does no damage. x2
You barely miss the scorpion.
The scorpion is moderately wounded.
The scorpion stings you.
* * * LOW HITPOINT WARNING * * *
You are poisoned.
The scorpion poisons you!
You barely miss the scorpion.
The scorpion is moderately wounded.
You feel sick. The scorpion stings you.
* * * LOW HITPOINT WARNING * * *
It was a potion of attraction.
You feel attractive to monsters.
* * * LOW HITPOINT WARNING * * *
You feel sick.
The scorpion stings you but does no damage.
It was a potion of flight.
You feel very buoyant.
You fly up into the air.
* * * LOW HITPOINT WARNING * * *
You feel sick. The scorpion barely misses you. You furiously retaliate!
You headbutt the scorpion.
It was a potion of might.
You feel very mighty all of a sudden.
* * * LOW HITPOINT WARNING * * *
You feel sick. The scorpion closely misses you. The scorpion stings you.
You die...

#.5... ...
#..... .?
#..... ..
#.K... ###.
#...5. #..
#..... #.#
#.....#####.#
#........s@.#
#....########
###. #


You could see a scorpion.

Vanquished Creatures
  Pikel (D:4)
  Blork the orc (D:4)
  A water moccasin skeleton (D:2)
  A hound (D:4)
  8 gnolls
  2 adders (D:2)
  A worm (D:3)
  2 dart slugs (D:1)
  6 orcs (D:3)
  5 bats
  6 endoplasms
  2 giant cockroaches
  5 goblins
  4 hobgoblins
  A quokka (D:1)
  8 ball pythons
  3 frilled lizards
  6 kobolds
  2 rats
65 creatures vanquished.

Vanquished Creatures (others)
  A hobgoblin (D:2)
1 creature vanquished.

Grand Total: 66 creatures vanquished

Notes
Turn   | Place    | Note
-------+----------+-------------------------------------------
     0 | D:1      | cbfl8 the Minotaur Berserker began the quest for the Orb.
     0 | D:1      | Reached XP level 1. HP: 19/19 MP: 0/0
   126 | D:1      | Reached XP level 2. HP: 27/27 MP: 1/1
   158 | D:1      | Reached skill level 4 in Fighting
  1415 | D:2      | Reached skill level 1 in Stealth
  1415 | D:2      | Reached XP level 3. HP: 26/34 MP: 2/2
  1415 | D:2      | Reached XP level 4. HP: 31/41 MP: 3/3
  2202 | D:2      | Reached skill level 5 in Fighting
  2207 | D:2      | Reached ** piety under Trog
  2506 | D:2      | Found a faded altar of an unknown god.
  2966 | D:3      | Reached XP level 5. HP: 32/48 MP: 4/4
  3116 | D:3      | Reached skill level 5 in Axes
  4121 | D:4      | Noticed Blork the orc
  4132 | D:4      | Killed Blork the orc
  4143 | D:4      | Reached XP level 6. HP: 20/57 MP: 5/5
  4159 | D:4      | Noticed Eustachio
  4166 | D:4      | Noticed Pikel
  4182 | D:4      | Killed Pikel
  4183 | D:4      | Reached skill level 7 in Fighting
  4183 | D:4      | Reached XP level 7. HP: 15/66 MP: 6/6
  4188 | D:4      | HP: 3/66 [poisoned by a scorpion]
  4190 | D:4      | HP: 1/66 [poisoned by a scorpion]
  4190 | D:4      | Slain by a scorpion

Illustrated notes

Levels and vault maps discovered:
D:1:      lemuel_arrival_lava_pool, layout_basic
D:2:      layout_loops_ring, shapermc_ecumenical_altar_venn, kennysheep_path_1,
          minmay_misc_feat_roman
D:3:      layout_basic, serial_corexii_hall, corexii_hall_statues_s,
          corexii_hall_statues_t, corexii_hall_statues_t, minivault_11
D:4:      layout_basic, serial_shops, nicolae_shop_advertising_works
          [nicolae_subvault_shop_adworks], gammafunk_ghost_grave,
          uniq_eustachio, uniq_blork_the_orc, uniq_crazy_yiuf_cottage,
          uniq_pikel

Skill      XL: |  1  2  3  4  5  6 |
---------------+-------------------+-----
Fighting       | 4 5 7 |  7.0
Axes           | 4 5 6 |  6.5
Stealth        | 1 2 |  2.5
Armour         | 3 |  3.8
Dodging        | 3 |  3.2

Action                   |  1- 3 |  4- 6 |  7- 9 || total
-------------------------+-------+-------+-------++-------
Melee: Hand axe          |    39 |   126 |     4 ||   169
       Headbutt          |     5 |    14 |     1 ||    20
       Punch             |       |     3 |       ||     3
Invok: Berserk           |     1 |     1 |       ||     2
       Trog's Hand       |       |     1 |       ||     1
  Use: Scroll            |       |     8 |       ||     8
       Potion            |       |       |     3 ||     3
 Stab: Sleeping          |     1 |     1 |       ||     2
Armor: Animal skin       |     2 |       |       ||     2
       Leather armour    |     1 |    27 |       ||    28
       Chain mail        |       |    12 |     3 ||    15
Dodge: Dodged            |    25 |    78 |     2 ||   105
